Map: At Eternity's Edge LE

Players

Lambo

  • Race: Zerg Zerg
  • Spawn Location: 5:00

liquidclem (Clem) - Winner!

  • Race: Terran Terran
  • League: Grandmaster
  • Spawn Location: 11:00

Event: HomeStory Cup XXIX

VOD

Have the link to the VOD?

Description

Time

  • Played on: July 5, 2026, 10:25 a.m.
  • Length: 17:09

All games in this series

Show
View Real Time Build Order
Export as new Build Order

Lambo Zerg 

Build Orders: Hatch First 

Get SALT Encoding   

  8  0:00  Drone  
  9  0:11  Drone  
  10  0:16  Drone  
  11  0:21  Drone  
  12  0:32  Overlord  
  12  0:39  Extractor, Drone  
  13  0:51  Drone x2  
  15  1:10  Hatchery  
  14  1:14  Drone  
  14  1:18  Drone  
  16  1:21  Drone  
  17  1:35  Spawning Pool  
  17  1:39  Drone  
  17  1:41  Extractor  
  17  1:43  Drone  
  17  1:51  Drone  
  18  2:01  Drone  
  19  2:10  Overlord  
  19  2:22  Queen x2  
  23  2:28  Zergling x2  
  24  2:30  Zergling x2  
  24  2:31  Zergling x2  
  24  2:33  Drone  
  27  2:41  Drone  
  27  2:42  Drone  
  29  2:45  Metabolic Boost  
  29  2:52  Drone x2  
  31  3:07  Overlord, Drone  
  32  3:17  Hatchery  
  31  3:20  Drone  
  31  3:24  Queen  
  34  3:28  Overlord  
  34  3:32  Drone x2  
  36  3:36  Drone  
  36  3:37  Drone  
  36  3:41  Drone x2  
  40  3:49  Drone x3  
  40  3:52  Drone  
  44  3:58  Queen  
  44  4:02  Drone x2  
  48  4:10  Overlord  
  48  4:15  Overlord  
  48  4:20  Overlord  
  48  4:28  Queen  
  48  4:30  Zergling x4, Queen  
  48  4:31  Drone  
  55  4:32  Drone x3  
  55  4:34  Drone  
  59  4:41  Drone x5  
  63  4:46  Queen  
  63  4:49  Overlord  
  63  4:50  Drone  
  65  4:58  Spore Crawler  
  62  5:03  Spore Crawler, Drone  
  62  5:04  Spore Crawler, Overlord  
  62  5:07  Zergling x6  
  63  5:09  Drone  
  63  5:11  Drone  
  66  5:14  Lair  
  66  5:17  Drone  
  67  5:23  Drone x5  
  72  5:29  Drone x4  
  72  5:33  Spore Crawler  
  75  5:37  Overlord  
  75  5:38  Drone  
  75  5:42  Drone x2  
  77  5:44  Queen, Drone  
  77  5:46  Extractor  
  77  5:47  Extractor  
  77  5:48  Baneling Nest, Drone x2  
  79  5:50  Evolution Chamber  
  79  5:53  Zergling x6  
  81  6:00  Drone x4  
  81  6:01  Drone  
  81  6:03  Drone  
  81  6:04  Drone  
  88  6:05  Extractor  
  88  6:07  Overlord  
  88  6:09  Overlord  
  88  6:10  Drone  
  88  6:13  Evolution Chamber, Drone  
  88  6:15  Overseer  
  88  6:17  Drone x2  
  90  6:18  Zerg Ground Armor Level 1  
  90  6:21  Extractor  
  90  6:23  Drone x2  
  91  6:39  Drone  
  92  6:41  Overlord  
  92  6:45  Zerg Melee Weapons Level 1  
  92  6:47  Centrifugal Hooks, Drone x2  
  92  6:48  Hydralisk Den  
  92  6:50  Extractor  
  92  6:51  Overlord  
  92  6:52  Zergling x16  
  92  6:53  Hatchery  
  99  7:00  Drone x8  
  107  7:06  Overlord  
  107  7:14  Zergling x6  
  107  7:15  Baneling x5  
  110  7:16  Zergling x6  
  114  7:22  Zergling x2  
  114  7:23  Zergling x8  
  118  7:30  Zergling x2  
  118  7:34  Drone x4  
  115  7:38  Zergling x2  
  115  7:39  Zergling x4  
  115  7:43  Baneling x4  
  116  7:45  Muscular Augments  
  116  7:47  Zergling x4, Baneling  
  116  7:48  Baneling x2  
  118  7:53  Zergling x10  
  122  7:58  Baneling  
  122  8:00  Overlord x3  
  121  8:06  Overlord  
  121  8:07  Overlord  
  121  8:10  Overlord  
  119  8:14  Overseer  
  119  8:15  Overlord x2  
  119  8:18  Overlord  
  119  8:25  Hydralisk x10  
  124  8:29  Hydralisk  
  125  8:35  Zerg Ground Armor Level 2, Hydralisk x5  
  131  8:41  Zergling x8  
  131  8:45  Baneling x2  
  131  8:46  Hatchery  
  131  8:47  Zergling x6, Zerg Melee Weapons Level 2  
  137  8:50  Zergling x8  
  137  8:53  Zergling x4  
  142  8:58  Drone x3  
  145  9:05  Zergling x10  
  150  9:13  Zergling x12  
  150  9:14  Overseer  
  157  9:17  Baneling x3  
  157  9:18  Overseer  
  157  9:21  Zergling x16  
  163  9:30  Zergling x2  
  163  9:31  Zergling x10  
  166  9:34  Grooved Spines  
  166  9:35  Infestation Pit  
  164  9:42  Zergling x12  
  164  9:48  Zergling x16  
  172  9:57  Zergling x12  
  172  9:59  Overlord  
  176  10:00  Overlord  
  176  10:04  Baneling x6  
  170  10:09  Drone x5  
  170  10:11  Zergling x4  
  168  10:22  Hydralisk x7  
  168  10:25  Hatchery  
  168  10:27  Extractor  
  178  10:35  Zergling x12  
  177  10:41  Zergling x6  
  177  10:42  Hydralisk x4  
  169  10:47  Zergling x8  
  177  11:02  Hive, Zerg Missile Weapons Level 1  
  177  11:04  Baneling x2  
  177  11:05  Baneling x6  
  177  11:09  Zergling x14  
  180  11:31  Hatchery  
  175  11:33  Zergling x10  
  175  11:37  Zergling x16  
  175  11:38  Zergling x4  
  176  11:42  Hydralisk x4  
  176  11:46  Baneling x4  
  176  11:52  Zergling x6  
  179  11:57  Overlord  
  179  12:00  Overlord  
  179  12:01  Overlord  
  178  12:02  Baneling  
  178  12:03  Baneling x12  
  178  12:05  Overlord  
  178  12:07  Zergling x4  
  180  12:11  Hatchery, Overlord  
  180  12:13  Zergling x12  
  180  12:15  Zergling x2  
  177  12:21  Zergling x2  
  177  12:22  Zergling x6  
  154  12:28  Zergling x10  
  137  12:33  Pneumatized Carapace  
  123  12:39  Hydralisk x6  
  123  12:43  Baneling x6  
  126  12:47  Hydralisk x2  
  126  12:50  Hydralisk x7  
  144  12:59  Zerg Ground Armor Level 3, Zerg Melee Weapons Level 3  
  144  13:06  Zergling x2  
  144  13:07  Zergling x4  
  144  13:09  Hatchery  
  144  13:10  Baneling x6  
  144  13:12  Hatchery  
  145  13:13  Zergling x2  
  145  13:14  Zergling x4  
  148  13:26  Zergling x10  
  147  13:29  Zergling x4  
  143  13:35  Zergling x8  
  143  13:38  Overseer  
  142  13:42  Zergling x6  
  142  13:46  Overseer  
  142  13:47  Infestor x2  
  144  13:50  Zergling x6  
  147  13:56  Baneling x3  
  147  14:00  Zergling x6  
  149  14:03  Zergling x4  
  149  14:06  Unknown  
  149  14:08  Zergling x2  
  149  14:09  Zergling x4  
  154  14:12  Baneling  
  154  14:13  Baneling x7  
  154  14:15  Hatchery  
  153  14:18  Zergling x12  
  153  14:23  Zergling x4  
  144  14:25  Zergling x2  
  144  14:30  Zergling x6  
  114  14:35  Hydralisk  
  114  14:36  Hydralisk x2  
  111  14:39  Zergling x6  
  111  14:45  Zergling x10  
  117  14:46  Zergling x2  
  117  14:48  Baneling x4  
  117  14:50  Infestor  
  120  14:56  Zergling x10  
  124  15:03  Zergling x12  
  126  15:10  Zergling x8  
  128  15:18  Hydralisk x4  
  129  15:22  Zergling x4  
  128  15:29  Hydralisk x4  
  136  15:36  Hydralisk x3  
  142  15:43  Hydralisk x4  
  142  15:47  Drone  
  142  15:49  Drone x3  
  154  15:53  Zergling x8  
  154  15:54  Baneling x3  
  154  15:55  Overseer  
  153  16:07  Hydralisk  
  153  16:08  Hydralisk x3, Zergling x2  
  149  16:18  Hydralisk x3  
  142  16:25  Infestor x2  
  142  16:30  Zergling x8  
  143  16:40  Hydralisk x2  
  143  16:42  Zergling x4  
  143  16:45  Zergling x6  
Show
View Real Time Build Order
Export as new Build Order

liquidclem Terran - Winner!

Build Orders: Reaper Expand, Hellion Banshee 

Get SALT Encoding   

  8  0:00  SCV  
  9  0:12  SCV  
  10  0:24  SCV  
  10  0:27  Supply Depot  
  11  0:36  SCV  
  12  0:48  SCV  
  13  0:53  Barracks  
  13  1:00  SCV  
  14  1:05  Refinery  
  14  1:13  SCV  
  15  1:25  SCV  
  16  1:40  Orbital Command  
  16  1:48  Reaper  
  17  2:06  SCV  
  17  2:08  Command Center  
  18  2:18  SCV  
  18  2:21  Marine  
  20  2:22  Supply Depot  
  20  2:30  SCV  
  20  2:36  Factory  
  21  2:43  Barracks Reactor  
  21  2:44  SCV  
  21  2:48  Refinery  
  22  2:56  SCV  
  23  3:08  SCV  
  24  3:21  Starport  
  24  3:23  Orbital Command  
  24  3:24  SCV  
  25  3:28  Hellion  
  25  3:29  Hellion  
  25  3:31  Barracks Tech Lab  
  29  3:36  SCV  
  31  3:48  SCV  
  31  3:49  SCV  
  31  3:51  Supply Depot  
  31  3:53  Hellion  
  34  3:57  Hellion  
  34  4:00  SCV  
  34  4:01  SCV  
  38  4:06  Banshee  
  41  4:10  Cloaking Field  
  41  4:12  SCV  
  41  4:14  SCV  
  43  4:22  Supply Depot  
  45  4:24  Hellion, SCV  
  45  4:27  Hellion  
  45  4:29  SCV  
  45  4:30  Barracks Tech Lab  
  49  4:36  SCV  
  50  4:43  SCV  
  51  4:47  Hellion  
  51  4:48  Hellion  
  51  4:49  SCV  
  56  4:56  SCV  
  57  5:01  SCV  
  57  5:02  Stimpack  
  58  5:08  Command Center  
  58  5:17  Barracks  
  58  5:19  Factory Reactor  
  58  5:22  Barracks  
  58  5:35  Supply Depot  
  58  5:37  Marine  
  58  5:38  SCV x2  
  58  5:41  Engineering Bay x2, Supply Depot  
  58  5:42  Starport Reactor  
  61  5:50  SCV x2  
  61  5:55  Marine  
  64  5:59  Supply Depot  
  64  6:02  SCV x2, Refinery  
  64  6:04  Refinery  
  66  6:06  Supply Depot  
  66  6:09  Factory Reactor  
  66  6:11  Terran Infantry Weapons Level 1, Terran Infantry Armor Level 1  
  64  6:12  Marine x2  
  64  6:13  Marine  
  64  6:14  SCV x2  
  69  6:21  Orbital Command  
  69  6:24  Marine  
  70  6:26  SCV, Starport Reactor  
  70  6:27  Marine  
  70  6:28  SCV  
  70  6:30  Marine x2  
  75  6:34  Marine  
  75  6:38  SCV  
  77  6:40  SCV  
  77  6:44  Marine  
  77  6:46  Orbital Command  
  79  6:48  Widow Mine x2  
  79  6:50  Marine x2, SCV  
  79  6:52  SCV  
  79  6:53  Marine  
  88  6:55  Marine  
  88  6:56  Supply Depot  
  88  6:57  Combat Shield  
  89  7:02  SCV  
  89  7:03  Medivac x2  
  89  7:04  SCV  
  89  7:07  Marine  
  96  7:09  Marine  
  96  7:10  Widow Mine x2, Marine  
  96  7:11  Marine  
  96  7:13  SCV  
  96  7:14  SCV  
  96  7:15  Supply Depot  
  105  7:16  Marine, SCV  
  105  7:20  Supply Depot  
  107  7:25  SCV  
  107  7:27  SCV  
  107  7:28  Marine, Barracks  
  107  7:29  SCV, Barracks  
  111  7:37  Widow Mine x2, SCV  
  105  7:38  Medivac x2  
  105  7:39  SCV  
  105  7:41  SCV  
  111  7:46  Supply Depot  
  111  7:47  Armory  
  111  7:52  SCV x2, Supply Depot  
  111  7:53  Marine x2, SCV  
  111  7:56  Marine, Factory  
  117  8:00  Marine, Refinery  
  117  8:03  Marine  
  117  8:04  SCV  
  117  8:05  SCV x2  
  120  8:08  Widow Mine  
  120  8:09  Widow Mine  
  120  8:11  Marine  
  125  8:15  Marine  
  125  8:16  Barracks Reactor x2, SCV  
  125  8:17  SCV, Medivac  
  125  8:18  Medivac  
  125  8:19  Marine  
  133  8:26  Marine x2  
  130  8:28  SCV  
  130  8:30  Widow Mine  
  130  8:33  Command Center  
  127  8:35  Widow Mine  
  127  8:37  Marine  
  127  8:40  Factory Tech Lab  
  129  8:43  Marine  
  129  8:44  Marine  
  129  8:47  Medivac  
  133  8:48  Marine x2  
  133  8:49  Supply Depot x2  
  133  8:51  Refinery, Widow Mine  
  133  8:54  Medivac, Marine x2  
  133  8:55  Marine x2  
  142  8:57  Marine  
  142  8:59  Terran Infantry Weapons Level 2  
  142  9:01  Marine  
  145  9:03  Drilling Claws  
  145  9:05  Terran Infantry Armor Level 2  
  145  9:08  Widow Mine  
  147  9:11  Supply Depot  
  147  9:13  Marine  
  147  9:14  Marine, Supply Depot, SCV  
  147  9:16  SCV  
  152  9:17  SCV  
  152  9:19  Widow Mine  
  152  9:21  Marine x2  
  156  9:26  Marine  
  156  9:27  Medivac x2  
  156  9:29  Marine  
  155  9:32  Marine  
  155  9:33  Widow Mine x2  
  155  9:34  Marine  
  155  9:37  Marine x2  
  163  9:39  SCV  
  163  9:40  Widow Mine  
  163  9:45  Marine  
  166  9:49  Marine x2  
  166  9:51  Marine  
  162  9:54  Widow Mine x2, Marine  
  162  9:55  Marine  
  162  9:57  SCV x3, Medivac x2, Marine  
  162  9:59  Marine  
  176  10:01  Supply Depot  
  176  10:02  Marine  
  176  10:04  Marine  
  179  10:11  Widow Mine  
  179  10:13  Marine x3  
  175  10:14  Marine  
  175  10:18  SCV  
  175  10:20  SCV  
  175  10:21  Sensor Tower  
  176  10:22  Widow Mine  
  176  10:23  Widow Mine  
  176  10:26  Marine  
  176  10:27  Medivac x2, SCV  
  175  10:38  Widow Mine  
  175  10:39  Marine  
  175  10:40  Marine x4  
  175  10:41  Marine x3  
  176  10:42  SCV  
  176  10:45  Marine, SCV  
  178  10:50  Widow Mine  
  178  10:52  Planetary Fortress  
  178  10:56  Barracks  
  176  10:57  Medivac x2, Marine  
  176  10:58  Marine x2  
  176  11:00  Marauder, Widow Mine  
  176  11:02  Barracks  
  176  11:03  Barracks, Widow Mine, Marine x3  
  190  11:04  Marine  
  190  11:06  Marine  
  190  11:10  Starport  
  190  11:12  Widow Mine, Fusion Core  
  190  11:16  Marine  
  190  11:17  Marine x2  
  193  11:19  SCV  
  193  11:20  Refinery x2  
  193  11:22  Widow Mine, SCV  
  193  11:24  SCV  
  193  11:27  Medivac, Marine  
  193  11:28  Widow Mine, Marine x3  
  193  11:29  Marine x2  
  193  11:31  Liberator  
  193  11:34  Marine  
  193  11:39  Marine x2, Widow Mine  
  197  11:43  Marine  
  197  11:45  Widow Mine, Marine  
  199  11:50  Command Center, Marine  
  199  11:51  Marine  
  192  11:57  Starport Reactor  
  192  11:58  Widow Mine, Advanced Ballistics  
  192  11:59  Ghost Academy  
  192  12:01  Marine, Marauder x2  
  198  12:02  Barracks Tech Lab x2  
  198  12:03  Marine  
  200  12:14  Marine  
  200  12:15  Marine  
  198  12:21  Marauder, Marine  
  163  12:22  Marauder  
  163  12:26  Marine  
  163  12:28  Widow Mine  
  150  12:30  Marine x2  
  150  12:32  Marine x3  
  150  12:33  Marine x2, Marauder  
  150  12:35  Widow Mine, SCV  
  145  12:37  SCV  
  145  12:39  Marine  
  145  12:41  Widow Mine  
  145  12:42  Marine  
  145  12:43  Marine x2  
  149  12:48  Terran Infantry Armor Level 3, Marine x2  
  149  12:49  Terran Infantry Weapons Level 3  
  149  12:50  Command Center  
  150  12:52  Marine  
  150  12:53  Widow Mine, Marine  
  150  12:57  Marine x3  
  148  12:59  Marine x2  
  148  13:00  Marine  
  148  13:04  Widow Mine  
  148  13:05  Liberator  
  156  13:09  Liberator  
  156  13:10  Liberator  
  156  13:12  Marine  
  163  13:13  Marine  
  163  13:16  Marine  
  163  13:18  Marine x2  
  163  13:19  Marine x3  
  170  13:23  Widow Mine  
  170  13:25  Marine  
  170  13:26  Marine  
  170  13:27  Marine, Widow Mine  
  169  13:32  Command Center  
  164  13:35  Liberator  
  164  13:41  Marine, Widow Mine  
  163  13:46  Marine  
  163  13:47  Marine x7, Liberator  
  166  13:48  Marine  
  166  13:50  Widow Mine  
  169  13:56  Marine x2  
  169  13:58  Marine  
  169  14:01  Liberator  
  169  14:02  Widow Mine  
  177  14:04  Marine  
  177  14:05  Marine  
  177  14:07  Marine x2, Widow Mine  
  181  14:12  Supply Depot  
  181  14:15  Supply Depot  
  181  14:18  Widow Mine  
  181  14:22  Marine  
  181  14:23  Marine  
  176  14:24  Marine  
  176  14:28  Orbital Command  
  146  14:31  Marine x4  
  146  14:37  Widow Mine  
  141  14:38  Marine  
  141  14:40  Marine  
  140  14:55  Widow Mine  
  140  14:56  SCV x2  
  140  14:57  SCV  
  145  15:01  Widow Mine  
  147  15:08  SCV  
  149  15:14  Liberator x2, Widow Mine  
  149  15:16  Liberator  
  149  15:17  Marine x2  
  149  15:18  Marine  
  143  15:25  Marine  
  143  15:26  Marine x5  
  149  15:29  Liberator  
  149  15:32  Widow Mine  
  149  15:35  Marine x2, Widow Mine  
  155  15:37  Marine  
  155  15:38  Marine  
  158  15:47  Marine x2, Widow Mine  
  158  15:48  Marine  
  163  15:53  Marine x2  
  163  15:54  Marine x2  
  164  15:57  Liberator x2, Planetary Fortress  
  164  15:58  Marine  
  164  16:03  Widow Mine x2  
  175  16:06  Liberator  
  175  16:09  Marine x2  
  169  16:12  Widow Mine  
  169  16:14  Marauder  
  169  16:15  Liberator  
  169  16:16  Marine x2  
  169  16:17  Marine x3  
  173  16:20  Marine x2  
  173  16:23  Marine  
  173  16:24  Widow Mine  
  178  16:26  Widow Mine, Marine  
  178  16:27  Marine  
  180  16:34  Refinery  
  180  16:38  Widow Mine  
  180  16:39  Marine  
  179  16:40  Marine x3  
  179  16:41  Marauder x2  
  179  16:42  Marauder  
  179  16:46  Widow Mine  
  195  16:47  Marine x2, Widow Mine  
Tags
 
Add a new tag
Caveats
  • Supply blocks, unpowered buildings, or Contaminate may cause inaccurate times.
  • Supply counts are checked every 10 seconds.